 Dungeon Crawl Stone Soup version 0.29-a0-998-g1987434951 (webtiles) character file.

Game seed: 1991289335742594859

3798 xian the Thaumaturge (level 9, -4/42 HPs)
             Began as a Spriggan Conjurer on Aug 5, 2022.
             Was a Priest of Okawaru.
             Slain by a troll (12 damage)
             ... on level 8 of the Dungeon.
             The game lasted 00:27:03 (10530 turns).

xian the Thaumaturge (Spriggan Conjurer)           Turns: 10530, Time: 00:27:03

Health: -4/42      AC:  5    Str:  5    XL:     9   Next: 96%
Magic:  23/25      EV: 20    Int: 21    God:    Okawaru [***...]
Gold:   645        SH:  0    Dex: 14    Spells: 17/30 levels left

rFire   + . .      SeeInvis +   r - +4 dagger (holy)
rCold   . . .      Faith    .   (no shield)
rNeg    . . .      Spirit   .   y - +0 steam dragon scales
rPois   +          Reflect  .   (helmet restricted)
rElec   .          Harm     .   (no cloak)
rCorr   .          Rampage  .   (gloves unavailable)
Will    +....                   (boots unavailable)
Stlth   +++.......              m - amulet of magic regeneration
HPRegen 0.14/turn               w - ring of flight
MPRegen 0.59/turn               t - ring of poison resistance

@: about to teleport, flying, very quick
A: very small, no large weapons, unfitting armour, see invisible, speed 3,
talons 1, fire resistance 1, MP-powered wands
a: Renounce Religion, Heroism


You were on level 8 of the Dungeon.
You worshipped Okawaru.
Okawaru was most pleased with you.
You visited 2 branches of the dungeon, and saw 9 of its levels.
You also visited: Sewer and Ossuary.

You collected 645 gold pieces.

Inventory:

Hand Weapons
 r - a +4 dagger of holy wrath (weapon)
Missiles
 E - 2 throwing nets
Armour
 y - +0 steam dragon scales (worn)
Jewellery
 m - an amulet of magic regeneration (around neck)
 t - a ring of poison resistance (right hand)
 w - a ring of flight (left hand)
 B - an amulet of reflection
Wands
 a - a wand of flame (15)
 s - a wand of iceblast (7)
Scrolls
 d - 4 scrolls of teleportation
 e - 2 scrolls of summoning
 g - 2 scrolls of enchant weapon
 h - 3 scrolls of fear
 v - 2 scrolls of butterflies
 x - a scroll of enchant armour
 D - a scroll of identify
Potions
 b - 2 potions of magic
 c - 5 potions of attraction
 f - 8 potions of curing
 i - 2 potions of berserk rage
 j - 3 potions of heal wounds
 k - 2 potions of resistance
 l - a potion of flight {unknown}
 n - a potion of mutation
 o - 3 potions of lignification {unknown}
 p - 2 potions of might {unknown}
 q - a potion of cancellation {unknown}
 u - 2 potions of brilliance {unknown}
 z - a potion of ambrosia {unknown}
 A - 2 potions of haste {unknown}
 C - a potion of invisibility {unknown}


   Skills:
 + Level 1.9 Fighting
 + Level 0.6 Short Blades
 + Level 7.0 Dodging
 + Level 4.8 Stealth
 + Level 11.3 Spellcasting
 + Level 7.6 Conjurations


You had 17 spell levels left.
You knew the following spells:

 Your Spells              Type           Power      Damage    Failure   Level
a - Magic Dart            Conj           100%       1d8       1%          1
b - Searing Ray           Conj           86%        2d7       1%          2
c - Iskenderun's Mystic   Conj/Tloc      27%        2d7       12%         4
d - Gell's Gravitas       Tloc           11%        N/A       17%         3
e - Teleport Other        Tloc           11%        N/A       17%         3

Your spell library contained the following spells:

 Spells                   Type           Power      Damage    Failure   Level
 Dazzling Flash           Conj/Hex       54%        N/A       3%          3
 Beastly Appendage        Tmut           22%        N/A       6%          1
 Sublimation of Blood     Necr           11%        N/A       9%          2
 Wereblood                Tmut           11%        N/A       9%          2
 Fulminant Prism          Conj/Hex       13%        3d9       12%         4
 Lesser Beckoning         Tloc           11%        N/A       17%         3
 Spider Form              Tmut/Pois      11%        N/A       17%         3
 Summon Hydra             Summ           Unusable   N/A       N/A         7

Dungeon Overview and Level Annotations

Branches:
Dungeon (8/15)             Temple (1/1) D:5           Sewer (visited)
Ossuary (visited)
   Lair: D:8-11

Altars:
Ashenzari
Cheibriados
Dithmenos
Elyvilon
Fedhas
Gozag
Hepliaklqana
Kikubaaqudgha
Makhleb
Nemelex Xobeh
Okawaru
Qazlal
Ru
Sif Muna
Trog
Uskayaw
Vehumet
Wu Jian
Xom
Yredelemnul
Zin
The Shining One

Shops:
D:8 =


Innate Abilities, Weirdness & Mutations

You are very small and have problems with some larger weapons.
You are too small for most types of armour.
You have supernaturally acute eyesight. (SInv)
You cover ground extremely quickly. (Speed+++)
You have sharp toenails.
Your flesh is heat resistant. (rF+)
You expend magic power (3 MP) to strengthen your wands.


Message History

The troll is moderately wounded. (Press . to maintain the ray.) Unknown command.
The searing ray hits the troll!
The troll is heavily wounded.
The searing ray hits the troll.
The troll is heavily wounded.
The troll misses you. x2; The troll barely misses you.
The searing ray hits the troll.
The troll is severely wounded.
You finish channelling your searing ray.
The troll bites you! The troll claws you! The troll misses you.
The troll closely misses you. The troll claws you!
* * * LOW HITPOINT WARNING * * *
The troll closely misses you.
Casting: Searing Ray (safe; 1% risk of failure)
Confirm with . or Enter, or press ? or * to list all spells.
Aiming: Searing Ray (safe; 1% risk of failure)
Press: ? - help, Shift-Dir - straight line, f/p - troll
Aim: a troll (heavily wounded, 82% to hit)
The searing ray hits the troll!
The troll is severely wounded. (Press . to maintain the ray.)
The searing ray hits the troll!
The troll is almost dead.
The searing ray hits the troll!
The troll is almost dead.
The searing ray hits the troll but does no damage.
The troll is almost dead.
You finish channelling your searing ray.
The troll misses you. The troll claws you.
* * * LOW HITPOINT WARNING * * *
The troll claws you!
* * * LOW HITPOINT WARNING * * *
You feel much better. The troll bites you!
* * * LOW HITPOINT WARNING * * *
The troll completely misses you. The troll misses you.
As you read the scroll of teleportation, it crumbles to dust.
You feel strangely unstable. The troll bites you!
You die...

##....#.................#
#.......................#
#.......................#
##....∩..................#
#.......................##
#.......................#
##.......................#
..........T...######.....#
.#........@...# #####.##
#...........## #...
###....###### #.## ######
###


You could see a troll.

Vanquished Creatures
  Joseph (D:8)
  Sigmund (D:3)
  3 steam dragons
  2 water moccasins (D:5)
  2 orc warriors
  4 ice beasts
  2 ogres
  A centaur (D:7)
  2 phantoms (D:5)
  Blork the orc (D:6)
  2 elf zombies (Ossuary)
  A necrophage (D:6)
  2 scorpions
  3 wights (D:8)
  8 killer bees
  4 centaur zombies (Ossuary)
  2 human zombies (Ossuary)
  2 jellies (D:7)
  2 hounds
  A gnoll bouda (D:8)
  3 orc priests (D:4)
  Jessica (D:3)
  An iguana (D:5)
  An orc wizard (D:4)
  2 mummies (Ossuary)
  15 gnolls
  13 adders
  2 river rats
  A white imp (D:6)
  An ufetubus (D:4)
  2 worms
  A dart slug (D:1)
  16 orcs
  8 ball pythons
  4 bats (D:3)
  8 endoplasms
  5 giant cockroaches
  4 goblins
  12 hobgoblins
  2 jackals
  2 quokkas
  5 frilled lizards
  3 goblin zombies (Ossuary)
  9 hobgoblin zombies (Ossuary)
  3 kobolds
  11 kobold zombies (Ossuary)
  6 orc zombies (Ossuary)
  11 rats
198 creatures vanquished.

Notes
Turn   | Place    | Note
-------+----------+-------------------------------------------
     0 | D:1      | xian the Spriggan Conjurer began the quest for the Orb.
     0 | D:1      | Reached XP level 1. HP: 9/9 MP: 5/5
   430 | D:1      | Reached XP level 2. HP: 10/13 MP: 0/6
   571 | D:1      | Reached skill level 3 in Spellcasting
  1396 | D:1      | Reached XP level 3. HP: 16/16 MP: 6/8
  1664 | D:2      | Learned a level 2 spell: Searing Ray
  2347 | D:2      | Found a faded altar of an unknown god.
  2507 | D:3      | Noticed Sigmund
  2518 | D:3      | Killed Sigmund
  2519 | D:3      | Reached skill level 5 in Spellcasting
  2519 | D:3      | Reached XP level 4. HP: 5/21 MP: 4/12
  2519 | D:3      | Reached XP level 5. HP: 5/24 MP: 4/13
  2793 | D:3      | Noticed Jessica
  2801 | D:3      | Killed Jessica
  2807 | D:3      | Reached XP level 6. HP: 28/28 MP: 8/15
  3557 | D:4      | Gained mutation: You have sharp toenails. [potion of
                  | mutation]
  3557 | D:4      | Gained mutation: Your flesh is heat resistant. (rF+)
                  | [potion of mutation]
  3557 | D:4      | Gained mutation: You expend magic power (3 MP) to
                  | strengthen your wands. [potion of mutation]
  3582 | D:4      | Noticed an orc warrior
  3715 | D:3      | Learned a level 4 spell: Iskenderun's Mystic Blast
  3833 | D:4      | Reached skill level 6 in Spellcasting
  4201 | D:4      | Reached XP level 7. HP: 32/32 MP: 12/17
  4240 | D:4      | Reached skill level 5 in Conjurations
  5108 | D:5      | Entered Level 5 of the Dungeon
  5343 | D:5      | Found a staircase to the Ecumenical Temple.
  5361 | D:5      | Reached skill level 7 in Spellcasting
  5367 | Temple   | Entered the Ecumenical Temple
  5644 | Temple   | Became a worshipper of Warmaster Okawaru
  5672 | D:5      | Reached XP level 8. HP: 37/37 MP: 16/20
  5981 | D:6      | Noticed Blork the orc
  6015 | D:6      | Killed Blork the orc
  6098 | D:5      | Reached * piety under Okawaru
  6101 | D:5      | Reached skill level 8 in Spellcasting
  6332 | D:6      | Reached skill level 1 in Fighting
  6470 | D:6      | Found a glowing drain.
  6474 | Sewer    | Entered a sewer
  6771 | Sewer    | Learned a level 3 spell: Gell's Gravitas
  6775 | Sewer    | Learned a level 3 spell: Teleport Other
  7059 | D:6      | Found a burning altar of Makhleb.
  7097 | D:6      | Reached skill level 5 in Dodging
  7306 | D:6      | Reached skill level 9 in Spellcasting
  7815 | D:6      | Reached XP level 9. HP: 41/41 MP: 21/23
  8459 | D:7      | Reached ** piety under Okawaru
  8465 | D:7      | Found a sand-covered staircase.
  8472 | Ossuary  | Entered an ossuary
  8803 | Ossuary  | Reached skill level 10 in Spellcasting
  9991 | D:8      | Noticed Joseph
  9991 | D:8      | Found a sparkling altar of Nemelex Xobeh.
 10000 | D:8      | Killed Joseph
 10000 | D:8      | Reached *** piety under Okawaru
 10001 | D:8      | Reached skill level 11 in Spellcasting
 10426 | D:8      | Found a basalt altar of Yredelemnul.
 10492 | D:8      | Found Ymni's Jewellery Shoppe.
 10507 | D:8      | Noticed a troll
 10528 | D:8      | HP: 1/42 [troll (11)]
 10530 | D:8      | Slain by a troll

Illustrated notes

Levels and vault maps discovered:
D:1:      dpeg_arrival_brainrot, layout_loops_ring, reono_crystal_passage
D:2:      layout_basic, dreamdust_ecumenical_altar_angels_and_demons,
          minmay_diced_spiral
D:3:      layout_loops_ring, uniq_sigmund, uniq_jessica
D:4:      layout_loops_ring
D:5:      layout_gridville, minmay_temple_entry_junction_2
D:6:      layout_basic, old_standard_altar, gup_sewer_entry_bowl,
          uniq_blork_the_orc
D:7:      layout_loops_ring, nicolae_ossuary_entry_false_entrances
D:8:      layout_cave_pods, old_standard_altar, overflow_temple_1_default,
          serial_shops, shop, uniq_joseph
Temple:   hellmonk_temple_of_storms

Skill      XL: |  1  2  3  4  5  6  7  8  9 |
---------------+----------------------------+-----
Conjurations   | 3 4 5 6 7 |  7.6
Spellcasting   | 3 5 6 7 9 11 | 11.3
Dodging        | 3 4 5 7 |  7.0
Stealth        | 4 |  4.8
Fighting       | 1 |  1.9
Short Blades   | |  0.6

Action                   |  1- 3 |  4- 6 |  7- 9 || total
-------------------------+-------+-------+-------++-------
Melee: Unarmed           |     7 |       |       ||     7
       Short sword       |     5 |       |       ||     5
       Dagger            |       |     2 |       ||     2
 Cast: Magic Dart        |    87 |    72 |   171 ||   330
       Searing Ray       |     3 |    13 |    81 ||    97
  Use: Scroll            |     2 |     4 |    10 ||    16
       Potion            |       |     1 |     2 ||     3
Armor: Robe              |     4 |     2 |     3 ||     9
       Steam dragon scal |       |       |     7 ||     7
Dodge: Dodged            |    26 |    16 |   141 ||   183

Table legend: (Time is in decaauts)
 A = Elapsed time spent in this place.
 B = Non-inter-level travel time spent in this place.
 C = Inter-level travel time spent in this place.
 D = Time resting spent in this place.
 E = Time spent auto-exploring this place.
 F = Levels seen in this place.
 G = Mean time per level.
                   A        B        C        D        E       F      G
               +--------+--------+--------+--------+--------+-----+--------+
         Total |   8193 |   8105 |     88 |      3 |   6598 |  11 |  744.8 |
       Dungeon |   7107 |   7025 |     82 |      3 |   5841 |   8 |  888.4 |
        Temple |    236 |    230 |      6 |      0 |    156 |   1 |  236.0 |
         Sewer |    438 |    438 |      0 |      0 |    360 |   1 |  438.0 |
       Ossuary |    410 |    410 |      0 |      0 |    239 |   1 |  410.0 |
               +--------+--------+--------+--------+--------+-----+--------+

Top non-repeatable levels by time:
     D:1: 1358 daAuts
     D:6: 1270 daAuts
     D:4: 1080 daAuts
     D:3: 986 daAuts
     D:7: 779 daAuts
     D:5: 637 daAuts
     D:2: 556 daAuts
   Sewer: 438 daAuts
     D:8: 437 daAuts
 Ossuary: 410 daAuts
  Temple: 236 daAuts
